 Dungeon Crawl Stone Soup version 0.21-a0-251-g5e8393f (webtiles) character file.

4 tidbits the Skirmisher (level 1, 6/19 HPs)
             Began as a Demigod Wanderer on Sept 5, 2017.
             Quit the game on level 1 of the Dungeon.
             The game lasted 00:00:38 (36 turns).

tidbits the Skirmisher (Demigod Wanderer)             Turns: 36, Time: 00:00:39

Health: 6/19       AC:  5    Str: 16    XL:     1   Next: 46%
Magic:  3/3        EV: 10    Int: 16    God:
Gold:   0          SH:  0    Dex: 14    Spells: 0/0 levels left

rFire    . . .     SeeInvis .   a - +2 dagger
rCold    . . .     Gourm    .   (no shield)
rNeg     . . .     Faith    .   c - +0 ring mail
rPois    .         Spirit   .   (no helmet)
rElec    .         Reflect  .   (no cloak)
rCorr    .         Harm     .   (no gloves)
MR       .....                  (no boots)
Stlth    +.........             (no amulet)
HPRegen  0.06/turn              (no ring)
MPRegen  0.08/turn              (no ring)

@: berserk cooldown, slowed, very slow
A: high mp 1
a: no special abilities


You were on level 1 of the Dungeon.
You were not hungry.

You visited 1 branch of the dungeon, and saw 1 of its levels.

Inventory:

Hand Weapons
 a - a +2 dagger (weapon)
 d - a +0 mace
Armour
 c - a +0 ring mail (worn)
Comestibles
 f - a bread ration


   Skills:
 + Level 3.0 Fighting
 - Level 1.7 Maces & Flails
 - Level 1.7 Armour
 - Level 1.7 Stealth
   Level 1.0 Evocations


You couldn't memorise any spells.
You didn't know any spells.

Dungeon Overview and Level Annotations

Branches:
Dungeon (1/15)


Innate Abilities, Weirdness & Mutations

You have an increased reservoir of magic. (+10% MP)


Message History

The bat hits you but does no damage.
You hit the bat but do no damage. The bat hits you.
The bat hits you but does no damage.
You closely miss the bat. The bat closely misses you.
The bat barely misses you. The bat misses you.
Found 31 stones.
You miss the bat. The bat closely misses you.
You closely miss the jackal.
The jackal bites you but does no damage.
The bat hits you but does no damage. The jackal barely misses you.
A bat comes into view.
The bat closely misses you. The bat hits you but does no damage.
Found 18 stones.
You hit the bat.
The bat is severely wounded.
The bat misses you.
The jackal bites you but does no damage.
You closely miss the bat.
The bat is severely wounded.
The bat hits you but does no damage. The jackal barely misses you.
The jackal misses you.
You barely miss the jackal. The jackal bites you. The bat misses you.
You closely miss the bat.
The bat is severely wounded.
The bat hits you but does no damage. The jackal closely misses you.
The jackal misses you.
You barely miss the jackal. The bat hits you.
The jackal bites you but does no damage.
You closely miss the jackal. The bat hits you but does no damage.
The jackal closely misses you. The bat hits you but does no damage.
You hit the jackal.
The jackal is lightly wounded.
The bat completely misses you. The bat hits you but does no damage.
The jackal bites you but does no damage.
The jackal bites you.
You hit the jackal.
The jackal is moderately wounded.
The bat misses you. The bat barely misses you.
The jackal bites you but does no damage.
You hit the bat.
You kill the bat!
The bat hits you but does no damage. The jackal bites you.
* * * LOW HITPOINT WARNING * * *
The jackal bites you.
* * * LOW HITPOINT WARNING * * *
You barely miss the jackal.
The jackal is moderately wounded.
The bat closely misses you. The jackal misses you.
You closely miss the jackal.
The jackal is moderately wounded.
The jackal barks!
The bat hits you but does no damage.
The jackal bites you but does no damage.
You barely miss the jackal.
The jackal is moderately wounded.
The bat barely misses you.
The jackal bites you but does no damage.
The jackal barely misses you.
You hit the jackal.
The jackal is severely wounded.
The bat barely misses you. The jackal barely misses you.
The bat closely misses you.
A jackal comes into view.
The jackal barks!
You hit the jackal but do no damage.
The jackal is severely wounded.
The bat barely misses you.
The jackal bites you but does no damage. x2
A red film seems to cover your vision as you go berserk!
You feel yourself moving faster!
You feel mighty! The bat hits you but does no damage.
The jackal bites you but does no damage.
You hit the jackal.
You kill the jackal!
The jackal bites you but does no damage.
The bat hits you but does no damage.
You puncture the jackal!
You kill the jackal!
The bat closely misses you.
You barely miss the bat. The bat hits you but does no damage.
You barely miss the jackal. The jackal barely misses you.
The bat barely misses you.
You barely miss the jackal. The bat barely misses you.
The jackal bites you but does no damage.
You puncture the jackal!
You kill the jackal!
Your Fighting skill increases to level 3!
The bat hits you but does no damage.
You see here a jackal corpse.
You barely miss the bat. The bat closely misses you.
You closely miss the bat. The bat barely misses you.
A jackal comes into view.
The bat hits you but does no damage.
You feel a strong urge to attack something.
You are no longer berserk.
You are exhausted.
You feel yourself slow down. The bat hits you.
* * * LOW HITPOINT WARNING * * *
Are you sure you want to abandon this character and quit the game? (Confirm with "yes".)

..... #...)... .....
#....... .....#
##....h..
......###%.......
................
#.........#
#......(# #...<...#
# #.....b@## .h.
#.........###.....
...........†........
......###..†........
.....# ##..........
..... #........(.
..... #..........
...........
............


You could see a bat.

Vanquished Creatures
  3 jackals (D:1)
  A bat (D:1)
4 creatures vanquished.

Notes
Turn   | Place    | Note
-------+----------+-------------------------------------------
     0 | D:1      | tidbits the Demigod Wanderer began the quest for the Orb.
     0 | D:1      | tidbits set off with: a +2 dagger, a potion of berserk rage, a +0 ring mail, a +0 mace, a bread ration
     0 | D:1      | Reached XP level 1. HP: 18/18 MP: 3/3
    30 | D:1      | Reached skill level 3 in Fighting
    36 | D:1      | Quit the game

Vault maps used:
D:1:      minmay_arrival_four_circles

Skill      XL: |  1 |
---------------+----+-----
Fighting       | 3 |  3.0
Maces & Flails | |  1.7
Armour         | |  1.7
Stealth        | |  1.7
Evocations     | |  1.0

Action                   || total
-------------------------++-------
Melee: Dagger            ||    26
  Use: Potion            ||     1
Armor: Ring mail         ||    28
Dodge: Dodged            ||    30

Table legend:
 A = Spawn XP
 B = Non-spawn XP
 C = Spawn XP percentage of total XP
 D = Spawn monster count
 E = Non-spawn monster count
 F = Spawn count percentage of total count
 G = Total turns spent on level
                    A         B        C        D         E        F      G
               +---------+---------+-------+---------+---------+-------+---------
         Total |       0 |       7 |   0.0 |       0 |       4 |   0.0 |    36
               +---------+---------+-------+---------+---------+-------+---------
           D:1 |       0 |       7 |   0.0 |       0 |       4 |   0.0 |    36
               +---------+---------+-------+---------+---------+-------+---------

Table legend:
 A = Turns spent in this place as a percentage of turns spent in the entire game.
 B = Non-inter-level travel turns spent in this place as a percentage of non-inter-level travel turns spent in the entire game.
 C = Inter-level travel turns spent in this place as a percentage of turns spent in this place.
 D = Turns resting spent in this place as a percentage of non-inter-level travel turns spent in this place.
 E = Turns spent auto-exploring this place as a percentage of non-inter-level travel turns spent in this place.
 F = Non-inter-level travel turns spent in this place divided by the number of levels of this place that you've seen.
                   A       B       C       D       E      F
               +-------+-------+-------+-------+-------+----------------------
         Total | 100.0 | 100.0 |   0.0 |   0.0 |   0.0 |  36.0
       Dungeon | 100.0 | 100.0 |   0.0 |   0.0 |   0.0 |  36.0
               +-------+-------+-------+-------+-------+----------------------

Table legend:
 A = Kills in this place as a percentage of kills in entire the game.
 B = Kills by you in this place as a percentage of kills by you in the entire game.
 C = Kills by friends in this place as a percentage of kills by friends in the entire game.
 D = Other kills in this place as a percentage of other kills in the entire game.
 E = Experience gained in this place as a percentage of experience gained in the entire game.
 F = Experience gained in this place divided by the number of levels of this place that you have seen.
                   A       B       C       D       E      F
               +-------+-------+-------+-------+-------+----------------------
         Total | 100.0 | 100.0 |   N/A |   N/A | 100.0 |   7.0
       Dungeon | 100.0 | 100.0 |   N/A |   N/A | 100.0 |   7.0
               +-------+-------+-------+-------+-------+----------------------

Vault maps used:
D:1:      minmay_arrival_four_circles
